 Dungeon Crawl Stone Soup version 0.27.0-1-g7a089689b8 (webtiles) character file.

Game seed: 17793581697245260733

679 avis the Insei (level 7, 0/46 HPs)
             Began as an Octopode Transmuter on Aug 3, 2021.
             Killed from afar by Ijyb (17 damage)
             ... with a bolt of acid
             ... on level 4 of the Dungeon.
             The game lasted 00:19:53 (4222 turns).

avis the Insei (Octopode Transmuter)                Turns: 4222, Time: 00:19:53

Health: 0/46       AC:  2    Str: 11    XL:     7   Next: 60%
Magic:  19/19      EV: 19    Int: 16    God:
Gold:   145        SH:  0    Dex: 17    Spells: 2/10 levels left

rFire    . . .     SeeInvis .     - Unarmed
rCold    . . .     Faith    .   (shield currently unavailable)
rNeg     . . .     Spirit   .   (helmet currently unavailable)
rPois    .         Reflect  .   q - amulet of magic regeneration
rElec    .         Harm     .   d - ring of magical power
rCorr    .         Rampage  .   e - ring of poison resistance
Will     .....                  p - +4 ring of protection
Stlth    ++........             (no ring)
HPRegen  0.15/turn              (no ring)
MPRegen  0.41/turn              (no ring)
                                (no ring)
                                (no ring)

@: spider-form, corroded
A: venomous fangs, almost no armour, (amphibious), 8 rings, tiny, (camouflage
1), (gelatinous body 1), (nimble swimmer 1), (tentacles)
a: End Transformation


You were on level 4 of the Dungeon.
You were a venomous arachnid creature.
You visited 1 branch of the dungeon, and saw 4 of its levels.

You collected 145 gold pieces.

Inventory:

Hand Weapons
 b - a +0 hunting sling
 g - a +0 dagger
 u - a +1 flail of holy wrath
Missiles
 h - 101 stones
 j - 56 arrows
 l - 9 bolts
 n - 17 poisoned darts
Armour
 f - a +0 kite shield
Jewellery
 d - a ring of magical power (left front leg)
 e - a ring of poison resistance (right front leg)
 p - a +4 ring of protection (on tentacle)
 q - an amulet of magic regeneration (around neck)
 v - a ring of ice
Scrolls
 c - 2 scrolls of fog {unknown}
 i - a scroll of noise {unknown}
 m - a scroll of blinking {unknown}
 o - 2 scrolls of amnesia {unknown}
 r - a scroll of enchant weapon {unknown}
 s - 2 scrolls of fear {unknown}
 t - a scroll of identify {unknown}
 x - a scroll of brand weapon {unknown}
Potions
 a - 3 potions of attraction {unknown}
 k - a potion of brilliance {unknown}
 w - a potion of magic {unknown}


   Skills:
 - Level 3.0 Fighting
 - Level 2.0 Dodging
 - Level 2.0 Stealth
 * Level 6.8 Unarmed Combat
 - Level 2.0 Spellcasting
 - Level 4.0 Transmutations
 - Level 2.0 Poison Magic


You had 2 spell levels left.
You knew the following spells:

 Your Spells              Type           Power      Damage    Failure   Level
a - Beastly Appendage     Tmut           28%        N/A       13%         1
p - Spider Form           Tmut/Pois      5%         N/A       38%         3
q - Ice Form              Ice/Tmut       8%         N/A       83%         4

Your spell library contained the following spells:

 Spells                   Type           Power      Damage    Failure   Level
 Wereblood                Tmut           14%        N/A       17%         2
 Stone Arrow              Conj/Erth      2%         3d7       73%         3
 Lehudib's Crystal Spear  Conj/Erth      0%         10d2      100%        8
 Animate Armour           Summ/Erth      Unusable   N/A       N/A         4

Dungeon Overview and Level Annotations

Branches:
Dungeon (4/15)
 Temple: D:4-7

Altars:
Dithmenos
Vehumet
The Shining One

Shops:
D:1 ?

Annotations:
D:4 Ijyb


Innate Abilities, Weirdness & Mutations

You are a venomous arachnid creature.
You have poisonous fangs.
You are tiny and dextrous.
Your spellcasting is less reliable in this form.
Your armour is entirely melded.
You are incapable of wielding weapons or throwing items.
You cannot wear most types of armour.
((You are amphibious.))
You can wear up to eight rings at the same time.
((Your skin changes colour to match your surroundings (Stealth+).))
((Your rubbery body absorbs attacks. (AC +1, EV +1)))
((You are camouflaged near water. (Stealth+)))
((You have tentacles for arms and can constrict up to eight enemies at once.))


Message History

Your transformation is almost over.
An orc comes into view. It is wielding a +0 club.
The orc shouts!
Casting: Beastly Appendage (safe; 4% risk of failure)
Confirm with . or Enter, or press ? or * to list all spells.
You miscast Beastly Appendage.
You are very lightly contaminated with residual magic.
Nothing appears to happen.
Found a shadowy altar of Dithmenos.
Your tentacle spike disappears.
You tentacle-slap the orc. You grab the orc.
The orc is severely wounded.
You constrict the orc, but do no damage.
The orc hits you but does no damage.
You tentacle-slap the orc.
You kill the orc!
Things that are here:
a +0 club; a +0 ring mail; an orc corpse Your magical contamination has completely faded away.
There is a stone staircase leading down here.
Found an amulet of magic regeneration.
Ijyb the Twisted Goblin comes into view.
She is wielding a +0 dagger and carrying a wand of acid (5).
Casting: Beastly Appendage (safe; 4% risk of failure)
Confirm with . or Enter, or press ? or * to list all spells.
You turn into a venomous arachnid creature.
Ijyb shouts!
Ijyb zaps a wand.
The bolt of acid misses you.
You see here an amulet of magic regeneration.
Ijyb zaps a wand.
The bolt of acid hits you! The acid corrodes you!
You are splashed with acid!
You hit Ijyb but do no damage.
Ijyb is poisoned.
Ijyb zaps a wand.
The bolt of acid misses you.
Unknown command.
You hit Ijyb but do no damage.
Ijyb looks as sick as possible!
Ijyb is lightly wounded.
Ijyb closely misses you.
You hit Ijyb but do no damage.
Ijyb looks as sick as possible!
Ijyb is lightly wounded.
Ijyb zaps a wand.
The bolt of acid hits you!
You die...

#.##.# #.#.............#......
#.##.# ..................###.#
#.##.###.#.#...>....#......#.#
#.##.###.#.##.#.##.####.####.#
..............#.##......####.#
####.########.#..............#
#.# #.################ #"# #s#
#g# ..# ##.# ###


You could see Ijyb (extremely poisoned).

Vanquished Creatures
  Sigmund (D:2)
  Edmund (D:4)
  Menkaure (D:4)
  A scorpion (D:3)
  A hound (D:4)
  A jelly (D:3)
  7 gnolls
  2 adders (D:4)
  An ufetubus (D:4)
  An adder skeleton (D:4)
  A worm (D:2)
  2 dart slugs (D:2)
  2 orcs (D:4)
  7 ball pythons
  7 bats
  3 endoplasms
  5 goblins
  4 hobgoblins
  15 jackals
  5 quokkas
  2 frilled lizards
  5 kobolds
  2 rats (D:1)
77 creatures vanquished.

Notes
Turn   | Place    | Note
-------+----------+-------------------------------------------
     0 | D:1      | avis the Octopode Transmuter began the quest for the Orb.
     0 | D:1      | Reached XP level 1. HP: 13/13 MP: 3/3
   432 | D:1      | You fall into a shaft and drop 1 floor!
   524 | D:2      | Reached XP level 2. HP: 18/18 MP: 5/5
   773 | D:2      | Reached skill level 4 in Unarmed Combat
   808 | D:1      | Reached XP level 3. HP: 21/23 MP: 6/6
   812 | D:1      | Learned a level 3 spell: Spider Form
   845 | D:1      | Found Naygarhu's Magic Scroll Shop.
   854 | D:1      | Reached skill level 1 in Poison Magic
  1121 | D:1      | Found a faded altar of an unknown god.
  1361 | D:2      | Noticed Sigmund
  1375 | D:2      | Killed Sigmund
  1376 | D:2      | Reached skill level 5 in Unarmed Combat
  1376 | D:2      | Reached XP level 4. HP: 8/29 MP: 7/7
  1376 | D:2      | Reached XP level 5. HP: 9/34 MP: 8/8
  2370 | D:3      | Reached XP level 6. HP: 18/39 MP: 9/9
  2740 | D:3      | Found a radiant altar of Vehumet.
  3271 | D:4      | Noticed Edmund
  3288 | D:4      | Killed Edmund
  3289 | D:4      | Reached skill level 6 in Unarmed Combat
  3289 | D:4      | Reached XP level 7. HP: 19/45 MP: 10/10
  3771 | D:4      | Learned a level 4 spell: Ice Form
  3775 | D:4      | Found a glowing golden altar of the Shining One.
  3949 | D:4      | Noticed Menkaure
  3963 | D:4      | Killed Menkaure
  4125 | D:4      | Found a shadowy altar of Dithmenos.
  4213 | D:4      | Noticed Ijyb
  4222 | D:4      | Killed from afar by Ijyb

Illustrated notes

Levels and vault maps discovered:
D:1:      onia_arrival_mini_spirals, layout_loops_ring, basic_ecumenical_altar,
          serial_shops, shop
D:2:      layout_loops_cross, minmay_misc_feat_nine_boxes, hex_medium,
          uniq_sigmund
D:3:      layout_loops_ring, nicolae_vehumet_altar_sigil
D:4:      layout_basic, mainiacjoe_overflow_small_starburst,
          mainiacjoe_overflow_boulevard, uniq_ijyb, uniq_edmund, uniq_menkaure

Skill      XL: |  1  2  3  4  5  6  7 |
---------------+----------------------+-----
Unarmed Combat | 4 5 6 |  6.8
Poison Magic   | 2 |  2.0
Fighting       | 2 3 |  3.0
Stealth        | 2 |  2.0
Transmutations | 3 4 |  4.0
Dodging        | |  2.0
Spellcasting   | |  2.0

Action                   |  1- 3 |  4- 6 |  7- 9 || total
-------------------------+-------+-------+-------++-------
Melee: Unarmed           |    55 |    60 |    61 ||   176
       Constrict         |    14 |     5 |     5 ||    24
       Kick              |    12 |     4 |     4 ||    20
       Tentacles         |     8 |       |     3 ||    11
 Cast: Beastly Appendage |    17 |    13 |     5 ||    35
       Spider Form       |     1 |     8 |     8 ||    17
 Stab: Sleeping          |     8 |     6 |     3 ||    17
       Distracted        |     1 |       |       ||     1
Armor: Skin              |     1 |    15 |     7 ||    23
Dodge: Dodged            |    34 |    47 |    52 ||   133
